 Dungeon Crawl Stone Soup version 0.29-a0-41-g89e12c0570 (webtiles) character file.

Game seed: 7928383058074618568

39 Dulis131 the Skirmisher (level 3, -4/29 HPs)
             Began as a Demonspawn Berserker on Feb 2, 2022.
             Was a Believer of Trog.
             Slain by Robin (5 damage)
             ... on level 2 of the Dungeon.
             The game lasted 00:04:41 (1499 turns).

Dulis131 the Skirmisher (Demonspawn Berserker)      Turns: 1499, Time: 00:04:42

Health: -4/29      AC:  9    Str: 19    XL:     3   Next: 26%
Magic:  3/3        EV:  8    Int:  8    God:    Trog [**....]
Gold:   32         SH:  4    Dex: 12    Spells: 2/2 levels left

rFire   . . .      SeeInvis .   g - +4 mace
rCold   . . .      Faith    .   (no shield)
rNeg    . . .      Spirit   .   e - +0 chain mail
rPois   .          Reflect  .   (no helmet)
rElec   .          Harm     .   b - +0 cloak
rCorr   .          Rampage  .   (no gloves)
Will    .....                   (no boots)
Stlth   ..........              (no amulet)
HPRegen 0.09/turn               (no ring)
MPRegen 0.08/turn               (no ring)

@: no status effects
A: condensation shield
a: Renounce Religion, Berserk, Trog's Hand


You were on level 2 of the Dungeon.
You worshipped Trog.
Trog was pleased with you.
You visited 1 branch of the dungeon, and saw 2 of its levels.

You collected 32 gold pieces.

Inventory:

Hand Weapons
 a - a +0 hand axe
 g - a +4 mace (weapon)
Armour
 b - a +0 cloak (worn)
 e - a +0 chain mail (worn)
Scrolls
 c - a scroll of immolation {unknown}
 d - a scroll of teleportation {unknown}
 f - a scroll of fog {unknown}


   Skills:
 + Level 3.5 Fighting
 - Level 3.1 Axes
 * Level 0.1(1.8) Maces & Flails
 + Level 2.1 Armour
 + Level 2.1 Dodging


You had 2 spell levels left.
You didn't know any spells.
Your spell library was empty.

Dungeon Overview and Level Annotations

Branches:
Dungeon (2/15)

Altars:
Qazlal

Shops:
D:1 [

Annotations:
D:2 Robin


Innate Abilities, Weirdness & Mutations

A meltable shield of frost defends you. (SH +4)


Message History

The goblin hits you with a +0 club.
You closely miss the goblin.
The goblin is heavily wounded.
A goblin comes into view. It is wielding a +0 dagger.
The goblin hits you with a +0 club. Robin completely misses you.
A hobgoblin comes into view.
The goblin hits you with a +0 club.
* * * LOW HITPOINT WARNING * * *
Okay, then.
You aren't carrying any potions.
You fail to use your ability.
The goblin shouts!
The goblin closely misses you. The goblin barely misses you.
You hit the goblin.
You kill the goblin!
Trog accepts your kill. The goblin closely misses you.
Robin throws the goblin at you!
* * * LOW HITPOINT WARNING * * *
The goblin hits you but does no damage. The goblin barely misses you.
Robin roars a battlecry!
The goblins go into a battle-frenzy!
You hear a shout!
You closely miss the goblin. You block the goblin's attack.
Robin closely misses you. The goblin hits you but does no damage.
You sock the goblin!
You kill the goblin!
Trog accepts your kill.
A goblin comes into view. It is wielding a +0 club.
Robin throws the goblin at you! The goblin hits you with a +0 club.
* * * LOW HITPOINT WARNING * * *
The goblin hits you but does no damage.
You thump the goblin!
You kill the goblin!
Trog accepts your kill. Robin hits you with a +0 mace.
* * * LOW HITPOINT WARNING * * *
The goblin hits you with a +0 club.
* * * LOW HITPOINT WARNING * * *
The goblin hits you but does no damage. Robin hits you with a +0 mace.
You die...

#...# ##.#.#
#....## # #.....#
.# #.....# g#
#.._..# #.# #.....#
..# #....)##.#
##.##g@gg## ..#
##>#####.g....#
##...## #.###.##
##.....###...#.###
#.......#..<.....
#..^...........#
#..............####
##.....#...†......#
##...##...###.##.#


You could see Robin, a hobgoblin (strong) and 2 goblins.

Vanquished Creatures
  A dart slug (D:2)
  3 endoplasms (D:1)
  3 hobgoblins
  A jackal (D:1)
  3 quokkas (D:1)
  2 ball pythons (D:1)
  5 frilled lizards
  6 goblins (D:2)
  7 kobolds
  5 rats (D:1)
36 creatures vanquished.

Notes
Turn   | Place    | Note
-------+----------+-------------------------------------------
     0 | D:1      | Dulis131 the Demonspawn Berserker began the quest for the
                  | Orb.
     0 | D:1      | Reached XP level 1. HP: 18/18 MP: 1/1
   289 | D:1      | Gained mutation: A meltable shield of frost defends you.
                  | (SH +4) [demonic ancestry]
   289 | D:1      | Reached XP level 2. HP: 16/24 MP: 2/2
   461 | D:1      | Found Foox Ida's Armour Emporium.
  1428 | D:2      | Reached XP level 3. HP: 29/29 MP: 3/3
  1449 | D:2      | Found a stormy altar of Qazlal.
  1478 | D:2      | Noticed Robin
  1485 | D:2      | Reached ** piety under Trog
  1499 | D:2      | HP: 1/29 [goblin[Robin] (2)]
  1499 | D:2      | Slain by Robin

Illustrated notes

Levels and vault maps discovered:
D:1:      co_arrival_hall_of_pillars, layout_loops_ring, serial_shops,
          nicolae_shop_behind_doors, st_stairs_4
D:2:      layout_loops_ring, shapermc_ecumenical_altar_flowoftime, basic_altar,
          uniq_robin

Skill      XL: |  1  2 |
---------------+-------+-----
Axes           | 3 |  3.1
Dodging        | 2 |  2.1
Armour         | 2 |  2.1
Fighting       | |  3.5
Maces & Flails | |  0.1

Action                   || total
-------------------------++-------
Melee: Hand axe          ||    96
       Punch             ||     1
       Mace              ||    22
Armor: Animal skin       ||     2
       Ring mail         ||    14
       Chain mail        ||    21
Dodge: Dodged            ||    77
Block: Other             ||    14

Table legend: (Time is in decaauts)
 A = Elapsed time spent in this place.
 B = Non-inter-level travel time spent in this place.
 C = Inter-level travel time spent in this place.
 D = Time resting spent in this place.
 E = Time spent auto-exploring this place.
 F = Levels seen in this place.
 G = Mean time per level.
                   A        B        C        D        E       F      G
               +--------+--------+--------+--------+--------+-----+--------+
         Total |   1519 |   1493 |     26 |    422 |    756 |   2 |  759.5 |
       Dungeon |   1519 |   1493 |     26 |    422 |    756 |   2 |  759.5 |
               +--------+--------+--------+--------+--------+-----+--------+

Top non-repeatable levels by time:
     D:1: 1424 daAuts
     D:2: 95 daAuts
